| TOP OF THE 1ST |
|
Cedar Rapids Kernels batting - Pitching for Clinton LumberKings : RHP Kevon Jamison
|
|
Pitching: RHP Kevon Jamison
|
|
|
Batting: LHB Jim Pankratz
|
0-0: Swinging Strike 0-1: SINGLE (Groundball, 6MD, EV 110.0 MPH)
|
|
Batting: SHB Shohei Fujii
|
0-0: Called Strike 0-1: Ball 1-1: Ball 2-1: Ball 3-1: Base on Balls Jim Pankratz to second
|
|
Batting: RHB J.J. Powers
|
0-0: Called Strike 0-1: Ball 1-1: Ball Jim Pankratz steals 3rd base Shohei Fujii to second 2-1: Foul Ball, location: 2F 2-2: Fly out, F8 (Flyball, 8LD, EV 99.4 MPH) Runner from 3rd tags up, OUT at HOME! 8-2 Shohei Fujii to third
|
|
Batting: LHB Israel Montoya
|
0-0: Called Strike 0-1: Ball 1-1: Swinging Strike 1-2: Foul Ball, location: 2F 1-2: Foul Ball, location: 2F 1-2: Fly out, F6 (Popup, 6D, EV 54.4 MPH)
|
| Top of the 1st over - 0 runs, 1 hit, 0 errors, 1 left on base; Cedar Rapids 0 - Clinton 0 |
| BOTTOM OF THE 1ST |
|
Clinton LumberKings batting - Pitching for Cedar Rapids Kernels : LHP Bobby Molina
|
|
Pitching: LHP Bobby Molina
|
|
|
Batting: RHB Rick Ellis
|
0-0: Called Strike 0-1: Ball 1-1: Foul Ball, location: 2F 1-2: Ball 2-2: Ball 3-2: Base on Balls
|
|
Batting: RHB Kikuo Sato
|
0-0: Ball 1-0: Ball 2-0: Ball 3-0: Called Strike 3-1: Called Strike 3-2: Fly out, F8 (Flyball, 8LM, EV 94.4 MPH)
|
|
Batting: SHB Jose Castillo
|
0-0: Ball 1-0: Foul Ball, location: 2F 1-1: Ball 2-1: Ball 3-1: Base on Balls Rick Ellis to second
|
|
Batting: LHB Jason Hopkins
|
0-0: Foul Ball, location: 2F 0-1: Grounds into double play, 6-4-3 (Groundball, 6, EV 106.9 MPH)
|
| Bottom of the 1st over - 0 runs, 0 hits, 0 errors, 1 left on base; Cedar Rapids 0 - Clinton 0 |
| TOP OF THE 2ND |
|
Cedar Rapids Kernels batting - Pitching for Clinton LumberKings : RHP Kevon Jamison
|
|
Batting: RHB Mike Craver
|
0-0: Called Strike 0-1: Ball 1-1: Foul Ball, location: 2F 1-2: Strikes out swinging
|
|
Batting: LHB Mike Handrahan
|
0-0: Ball 1-0: Swinging Strike 1-1: Ball 2-1: Foul Ball, location: 2F 2-2: Foul Ball, location: 2F 2-2: Foul Ball, location: 2F 2-2: Strikes out swinging
|
|
Batting: RHB Jake Wirthlin
|
0-0: SINGLE (Groundball, P, EV 80.6 MPH) (infield hit)
|
|
Batting: RHB Orlando Blanco
|
0-0: Ball 1-0: Swinging Strike 1-1: Foul Ball, location: 2F 1-2: Foul Ball, location: 2F 1-2: DOUBLE (Groundball, 5L, EV 103.8 MPH) Jake Wirthlin to third
|
|
Batting: SHB Duri Chilemba
|
0-0: Foul Ball, location: 2F 0-1: Ball 1-1: Ground out 4-3 (Groundball, 4M, EV 96.9 MPH)
|
| Top of the 2nd over - 0 runs, 2 hits, 0 errors, 2 left on base; Cedar Rapids 0 - Clinton 0 |
| BOTTOM OF THE 2ND |
|
Clinton LumberKings batting - Pitching for Cedar Rapids Kernels : LHP Bobby Molina
|
|
Batting: RHB Josh O'Neal
|
0-0: Foul Ball, location: 2F 0-1: Called Strike 0-2: Ball 1-2: Foul Ball, location: 2F 1-2: Ball 2-2: Foul Ball, location: 2F 2-2: Foul Ball, location: 2F 2-2: Fly out, F8 (Line Drive, 89M, EV 93.8 MPH)
|
|
Batting: RHB Josh Mauer
|
0-0: Swinging Strike 0-1: Ball 1-1: Swinging Strike 1-2: Ball 2-2: Ball 3-2: Foul Ball, location: 2F 3-2: Base on Balls
|
|
Batting: RHB Salvador Avina
|
0-0: Ball 1-0: Called Strike 1-1: Called Strike 1-2: Ball 2-2: Strikes out swinging
|
|
Batting: SHB Victor Rijos
|
0-0: Called Strike 0-1: Ball 1-1: Foul Ball, location: 2F 1-2: Strikes out looking
|
| Bottom of the 2nd over - 0 runs, 0 hits, 0 errors, 1 left on base; Cedar Rapids 0 - Clinton 0 |
| TOP OF THE 3RD |
|
Cedar Rapids Kernels batting - Pitching for Clinton LumberKings : RHP Kevon Jamison
|
|
Batting: LHB Jim Pankratz
|
0-0: Foul Ball, location: 2F 0-1: Called Strike 0-2: Ground out 4-3 (Groundball, 4, EV 103.1 MPH)
|
|
Batting: SHB Shohei Fujii
|
0-0: Ball 1-0: Ball 2-0: Foul Ball, location: 2F 2-1: Foul Ball, location: 2F 2-2: Ball 3-2: Strikes out swinging
|
|
Batting: RHB J.J. Powers
|
0-0: Ball 1-0: Ball 2-0: Ball 3-0: Base on Balls
|
|
Batting: LHB Israel Montoya
|
0-0: Called Strike J.J. Powers steals 2nd base 0-1: Ball 1-1: Ground out 1-3 (Groundball, 13S, EV 62.5 MPH)
|
| Top of the 3rd over - 0 runs, 0 hits, 0 errors, 1 left on base; Cedar Rapids 0 - Clinton 0 |
| BOTTOM OF THE 3RD |
|
Clinton LumberKings batting - Pitching for Cedar Rapids Kernels : LHP Bobby Molina
|
|
Batting: LHB Brian Butler
|
0-0: Called Strike 0-1: Foul Ball, location: 2F 0-2: Strikes out looking
|
|
Batting: RHB Rick Ellis
|
0-0: Foul Ball, location: 2F 0-1: Foul Ball, location: 2F 0-2: Foul Ball, location: 2F 0-2: Foul Ball, location: 2F 0-2: Strikes out swinging
|
|
Batting: RHB Kikuo Sato
|
0-0: Called Strike 0-1: Called Strike 0-2: Ball 1-2: DOUBLE (Groundball, 5L, EV 107.5 MPH)
|
|
Batting: SHB Jose Castillo
|
0-0: Ball 1-0: Swinging Strike 1-1: Ball 2-1: Foul Ball, location: 2F 2-2: Foul Ball, location: 2F 2-2: Ball 3-2: Foul Ball, location: 2F 3-2: Strikes out swinging
|
| Bottom of the 3rd over - 0 runs, 1 hit, 0 errors, 1 left on base; Cedar Rapids 0 - Clinton 0 |
| TOP OF THE 4TH |
|
Cedar Rapids Kernels batting - Pitching for Clinton LumberKings : RHP Kevon Jamison
|
|
Batting: RHB Mike Craver
|
0-0: Ball 1-0: Called Strike 1-1: Foul Ball, location: 2F 1-2: Ball 2-2: SINGLE (Groundball, 6MD, EV 103.1 MPH)
|
|
Batting: LHB Mike Handrahan
|
0-0: Ball 1-0: Ball 2-0: Ball 3-0: Base on Balls Mike Craver to second
|
|
Batting: RHB Jake Wirthlin
|
0-0: Grounds into double play, 4-6-3 (Groundball, 4, EV 106.9 MPH) Mike Craver to third
|
|
Batting: RHB Orlando Blanco
|
0-0: Ground out 6-3 (Groundball, 6, EV 94.4 MPH)
|
| Top of the 4th over - 0 runs, 1 hit, 0 errors, 1 left on base; Cedar Rapids 0 - Clinton 0 |
| BOTTOM OF THE 4TH |
|
Clinton LumberKings batting - Pitching for Cedar Rapids Kernels : LHP Bobby Molina
|
|
Batting: LHB Jason Hopkins
|
0-0: Called Strike 0-1: Ball 1-1: SOLO HOME RUN (Flyball, 9D, EV 99.4 MPH), Distance : 396 ft
|
|
Batting: RHB Josh O'Neal
|
0-0: Ball 1-0: Ball 2-0: Fly out, F7 (Flyball, 7LS, EV 88.8 MPH)
|
|
Batting: RHB Josh Mauer
|
0-0: Ball 1-0: Swinging Strike 1-1: Foul Ball, location: 2F 1-2: Strikes out swinging
|
|
Batting: RHB Salvador Avina
|
0-0: Ball 1-0: Swinging Strike 1-1: Ball 2-1: Swinging Strike 2-2: Foul Ball, location: 2F 2-2: Foul Ball, location: 2F 2-2: Foul Ball, location: 2F 2-2: Ball 3-2: Strikes out swinging, 2-3 out at first.
|
| Bottom of the 4th over - 1 run, 1 hit, 0 errors, 0 left on base; Cedar Rapids 0 - Clinton 1 |
| TOP OF THE 5TH |
|
Cedar Rapids Kernels batting - Pitching for Clinton LumberKings : RHP Kevon Jamison
|
|
Batting: SHB Duri Chilemba
|
0-0: Called Strike 0-1: Ball 1-1: Ball 2-1: SINGLE (Groundball, 4MD, EV 96.9 MPH)
|
|
Batting: LHB Jim Pankratz
|
0-0: Ball 1-0: Ball 2-0: Ball 3-0: Base on Balls Duri Chilemba to second
|
|
Batting: SHB Shohei Fujii
|
0-0: Swinging Strike 0-1: Foul Ball, location: 2F 0-2: Ball 1-2: Strikes out looking
|
|
Batting: RHB J.J. Powers
|
0-0: Ball 1-0: Ball 2-0: Called Strike 2-1: Foul Ball, location: 2F 2-2: Ball 3-2: Base on Balls Duri Chilemba to third Jim Pankratz to second
|
|
Batting: LHB Israel Montoya
|
0-0: Ball 1-0: Ball 2-0: Foul Ball, location: 2F 2-1: DOUBLE (Flyball, 8RXD, EV 109.4 MPH) Duri Chilemba scores Jim Pankratz scores J.J. Powers to third Runner from 3rd tries for Home, SAFE, throw by CF to home
|
|
Batting: RHB Mike Craver
|
0-0: Ball 1-0: Called Strike 1-1: Called Strike Israel Montoya steals 3rd base 1-2: Ground out 5-3 (Groundball, 5L, EV 80.6 MPH) Israel Montoya scores
|
|
Batting: LHB Mike Handrahan
|
0-0: Ball 1-0: Foul Ball, location: 2F 1-1: Swinging Strike 1-2: Ball 2-2: DOUBLE (Flyball, 8LXD, EV 101.9 MPH)
|
|
Batting: RHB Jake Wirthlin
|
0-0: Foul Ball, location: 2F 0-1: Called Strike 0-2: Ball 1-2: Foul Ball, location: 2F 1-2: Ball 2-2: Ball 3-2: Foul Ball, location: 2F 3-2: Foul Ball, location: 2F 3-2: Base on Balls
|
|
Pitching: RHP Adam Fair
|
|
|
Batting: RHB Orlando Blanco
|
0-0: Called Strike 0-1: Ground out 4-3 (Groundball, 4S, EV 67.5 MPH)
|
| Top of the 5th over - 4 runs, 3 hits, 0 errors, 2 left on base; Cedar Rapids 4 - Clinton 1 |
| BOTTOM OF THE 5TH |
|
Clinton LumberKings batting - Pitching for Cedar Rapids Kernels : LHP Bobby Molina
|
|
Pitching: RHP Edwin Sanchez
|
|
|
Batting: SHB Victor Rijos
|
0-0: Ball 1-0: Called Strike 1-1: Foul Ball, location: 2F 1-2: Ball 2-2: Ball 3-2: Ground out 5-3 (Groundball, 56S, EV 80.0 MPH)
|
|
Batting: LHB Brian Butler
|
0-0: Called Strike 0-1: Foul Ball, location: 2F 0-2: Ground out 3-1 (Groundball, 34S, EV 88.8 MPH)
|
|
Batting: RHB Rick Ellis
|
0-0: Called Strike 0-1: Swinging Strike 0-2: Ball 1-2: Ball 2-2: Ball 3-2: Foul Ball, location: 2F 3-2: Base on Balls
|
|
Batting: RHB Kikuo Sato
|
0-0: Ball 1-0: Called Strike 1-1: Called Strike Rick Ellis steals 2nd base 1-2: Fly out, F8 (Flyball, 8LM, EV 84.4 MPH)
|
| Bottom of the 5th over - 0 runs, 0 hits, 0 errors, 1 left on base; Cedar Rapids 4 - Clinton 1 |
| TOP OF THE 6TH |
|
Cedar Rapids Kernels batting - Pitching for Clinton LumberKings : RHP Adam Fair
|
|
Batting: SHB Duri Chilemba
|
0-0: Called Strike 0-1: Ball 1-1: Foul Ball, location: 2F 1-2: Strikes out swinging
|
|
Batting: LHB Jim Pankratz
|
0-0: DOUBLE (Flyball, 8RXD, EV 95.6 MPH)
|
|
Batting: SHB Shohei Fujii
|
0-0: Ball 1-0: Foul Ball, location: 2F 1-1: 2-RUN HOME RUN (Flyball, 9LD, EV 92.5 MPH), Distance : 339 ft
|
|
Batting: RHB J.J. Powers
|
0-0: Ball 1-0: Ball 2-0: Ball 3-0: Called Strike 3-1: Ground out U3 (Groundball, 34, EV 89.4 MPH)
|
|
Batting: LHB Israel Montoya
|
0-0: Ball 1-0: Foul Ball, location: 2F 1-1: Called Strike 1-2: Ball 2-2: Foul Ball, location: 2F 2-2: Foul Ball, location: 2F 2-2: Foul Ball, location: 2F 2-2: DOUBLE (Line Drive, 9LD, EV 98.1 MPH)
|
|
Batting: RHB Mike Craver
|
0-0: Ground out 5-3 (Groundball, 56S, EV 86.9 MPH)
|
| Top of the 6th over - 2 runs, 3 hits, 0 errors, 1 left on base; Cedar Rapids 6 - Clinton 1 |
| BOTTOM OF THE 6TH |
|
Clinton LumberKings batting - Pitching for Cedar Rapids Kernels : RHP Edwin Sanchez
|
|
Batting: SHB Jose Castillo
|
0-0: Swinging Strike 0-1: Ball 1-1: Foul Ball, location: 2F 1-2: Strikes out swinging
|
|
Batting: LHB Jason Hopkins
|
0-0: Swinging Strike 0-1: Ball 1-1: Fly out, F7 (Flyball, 7LS, EV 91.9 MPH)
|
|
Batting: RHB Josh O'Neal
|
0-0: Called Strike 0-1: SINGLE (Groundball, 6D, EV 94.4 MPH)
|
|
Batting: RHB Josh Mauer
|
0-0: Ball 1-0: Ball 2-0: Ball 3-0: Called Strike 3-1: Base on Balls Josh O'Neal to second
|
|
Pitching: RHP Toshiyuki Kawashima
|
|
|
Batting: RHB Salvador Avina
|
0-0: Ball 1-0: SINGLE (Groundball, 56S, EV 68.1 MPH) (infield hit) Josh O'Neal to third Josh Mauer to second
|
|
Batting: SHB Victor Rijos
|
0-0: Ball 1-0: Ball 2-0: Ball 3-0: Called Strike 3-1: Foul Ball, location: 2F 3-2: Base on Balls Josh O'Neal scores Josh Mauer to third Salvador Avina to second
|
|
Batting: LHB Brian Butler
|
0-0: Ball 1-0: Ball 2-0: Called Strike 2-1: SINGLE (Groundball, 6MD, EV 107.5 MPH) (infield hit) Josh Mauer scores Salvador Avina to third Victor Rijos to second
|
|
Batting: RHB Rick Ellis
|
0-0: Ball 1-0: SINGLE (Groundball, 34D, EV 100.0 MPH) Salvador Avina scores Victor Rijos to third Brian Butler to second Runner from 3rd tries for Home, SAFE, throw by RF to home
|
|
Pinch Hitting: LHB William Warren
|
0-0: Swinging Strike 0-1: Swinging Strike 0-2: Foul Ball, location: 2F 0-2: Foul Ball, location: 2F 0-2: Ball 1-2: Ball 2-2: Foul Ball, location: 2F 2-2: Strikes out looking
|
| Bottom of the 6th over - 4 runs, 4 hits, 0 errors, 2 left on base; Cedar Rapids 6 - Clinton 5 |
| TOP OF THE 7TH |
|
Cedar Rapids Kernels batting - Pitching for Clinton LumberKings : RHP Adam Fair
|
|
Pitching: RHP David Lane
|
|
|
Now in LF: William Warren
|
|
|
Now in CF: Jose Castillo
|
|
|
Batting: LHB Mike Handrahan
|
0-0: Ball 1-0: Ball 2-0: Called Strike 2-1: Swinging Strike 2-2: Strikes out swinging
|
|
Batting: RHB Jake Wirthlin
|
0-0: SINGLE (Flyball, 5D, EV 88.1 MPH)
|
|
Batting: RHB Orlando Blanco
|
0-0: Called Strike 0-1: SINGLE (Line Drive, 8RS, EV 97.5 MPH) Jake Wirthlin to second
|
|
Batting: SHB Duri Chilemba
|
0-0: Swinging Strike 0-1: Ball 1-1: Called Strike 1-2: Ball 2-2: Strikes out swinging
|
|
Batting: LHB Jim Pankratz
|
0-0: Ball 1-0: Swinging Strike 1-1: Ball 2-1: Ball 3-1: Foul Ball, location: 2F 3-2: Foul Ball, location: 2F 3-2: Foul Ball, location: 2F 3-2: Foul Ball, location: 2F 3-2: Foul Ball, location: 2F 3-2: Strikes out looking
|
| Top of the 7th over - 0 runs, 2 hits, 0 errors, 2 left on base; Cedar Rapids 6 - Clinton 5 |
| BOTTOM OF THE 7TH |
|
Clinton LumberKings batting - Pitching for Cedar Rapids Kernels : RHP Toshiyuki Kawashima
|
|
Pitching: RHP Andy Symons
|
|
|
Batting: SHB Jose Castillo
|
0-0: Ball 1-0: Called Strike 1-1: Swinging Strike 1-2: Fly out, F7 (Flyball, 78M, EV 95.6 MPH)
|
|
Batting: LHB Jason Hopkins
|
0-0: Called Strike 0-1: Foul Ball, location: 2F 0-2: Ball 1-2: Ball 2-2: DOUBLE (Flyball, 89XD, EV 93.8 MPH)
|
|
Batting: RHB Josh O'Neal
|
0-0: Ball 1-0: Fly out, F8 (Flyball, 78M, EV 83.8 MPH)
|
|
Batting: RHB Josh Mauer
|
0-0: Called Strike 0-1: Called Strike 0-2: Ball 1-2: SINGLE (Groundball, 6MD, EV 104.4 MPH) (infield hit) Jason Hopkins to third
|
|
Batting: RHB Salvador Avina
|
0-0: Called Strike Josh Mauer steals 2nd base 0-1: Ball 1-1: Foul Ball, location: 2F 1-2: Foul Ball, location: 2F 1-2: Ball 2-2: Ball 3-2: Foul Ball, location: 2F 3-2: Ground out 4-3 (Groundball, 4, EV 83.8 MPH)
|
| Bottom of the 7th over - 0 runs, 2 hits, 0 errors, 2 left on base; Cedar Rapids 6 - Clinton 5 |
| TOP OF THE 8TH |
|
Cedar Rapids Kernels batting - Pitching for Clinton LumberKings : RHP David Lane
|
|
Batting: SHB Shohei Fujii
|
0-0: Ground out 3-1 (Groundball, 34S, EV 80.0 MPH)
|
|
Batting: RHB J.J. Powers
|
0-0: Ball 1-0: Foul Ball, location: 2F 1-1: Ground out 3-1 (Groundball, 34, EV 86.9 MPH)
|
|
Batting: LHB Israel Montoya
|
0-0: Ball 1-0: Ball 2-0: Called Strike 2-1: Foul Ball, location: 2F 2-2: Strikes out looking
|
| Top of the 8th over - 0 runs, 0 hits, 0 errors, 0 left on base; Cedar Rapids 6 - Clinton 5 |
| BOTTOM OF THE 8TH |
|
Clinton LumberKings batting - Pitching for Cedar Rapids Kernels : RHP Andy Symons
|
|
Now at 1B: Brian Gustus
|
|
|
Batting: SHB Victor Rijos
|
0-0: Foul Ball, location: 2F 0-1: Swinging Strike 0-2: Foul Ball, location: 2F 0-2: Foul Ball, location: 2F 0-2: Foul Ball, location: 2F 0-2: Strikes out swinging
|
|
Batting: LHB Brian Butler
|
0-0: Called Strike 0-1: Ball 1-1: Foul Ball, location: 2F 1-2: SINGLE (Groundball, 25, EV 68.8 MPH) (infield hit)
|
|
Batting: RHB Rick Ellis
|
0-0: Ball 1-0: Called Strike 1-1: Ball 2-1: Ball 3-1: Swinging Strike 3-2: Foul Ball, location: 2F 3-2: Strikes out swinging
|
|
Pitching: LHP Mark Challinor
|
|
|
Pinch Hitting: RHB Josh Ruhl
|
0-0: SINGLE (Line Drive, 78D, EV 99.4 MPH) Brian Butler to second
|
|
Batting: SHB Jose Castillo
|
0-0: Ball 1-0: Foul Ball, location: 2F 1-1: Fly out, F8 (Flyball, 78M, EV 97.5 MPH)
|
| Bottom of the 8th over - 0 runs, 2 hits, 0 errors, 2 left on base; Cedar Rapids 6 - Clinton 5 |
| TOP OF THE 9TH |
|
Cedar Rapids Kernels batting - Pitching for Clinton LumberKings : RHP David Lane
|
|
Now in LF: Josh Ruhl
|
|
|
Batting: RHB Mike Craver
|
0-0: Called Strike 0-1: Swinging Strike 0-2: Strikes out swinging
|
|
Batting: LHB Mike Handrahan
|
0-0: Called Strike 0-1: Foul Ball, location: 2F 0-2: Ground out 4-3 (Groundball, 4S, EV 79.4 MPH)
|
|
Batting: RHB Jake Wirthlin
|
0-0: Ground out U3 (Groundball, 34S, EV 66.9 MPH)
|
| Top of the 9th over - 0 runs, 0 hits, 0 errors, 0 left on base; Cedar Rapids 6 - Clinton 5 |
| BOTTOM OF THE 9TH |
|
Clinton LumberKings batting - Pitching for Cedar Rapids Kernels : LHP Mark Challinor
|
|
Pitching: RHP Steven Legge
|
|
|
Batting: LHB Jason Hopkins
|
0-0: Ball 1-0: Ball 2-0: Ball 3-0: Called Strike 3-1: Ground out 1-3 (Groundball, P, EV 64.4 MPH)
|
|
Batting: RHB Josh O'Neal
|
0-0: Ball 1-0: Ground out 6-3 (Groundball, 56S, EV 73.1 MPH)
|
|
Batting: RHB Josh Mauer
|
0-0: Ball 1-0: Ground out 6-3 (Groundball, 56S, EV 88.8 MPH)
|
| Bottom of the 9th over - 0 runs, 0 hits, 0 errors, 0 left on base; Cedar Rapids 6 - Clinton 5 |
|